 Dungeon Crawl Stone Soup version 0.28.0-45-g0d030f2227 (webtiles) character file.

Game seed: 9980609481549641590

1005 Zeld the Zephyrmancer (level 8, -8/45 HPs)
             Began as a Tengu Air Elementalist on Apr 7, 2022.
             Killed from afar by Dowan (14 damage)
             ... with a shard of ice
             ... on level 5 of the Dungeon.
             The game lasted 00:11:37 (10772 turns).

Zeld the Zephyrmancer (Tengu Air Elementalist)     Turns: 10772, Time: 00:11:37

Health: -8/45      AC:  2    Str: 10    XL:     8   Next: 20%
Magic:  0/16       EV: 15    Int: 17    God:
Gold:   472        SH:  0    Dex: 14    Spells: 7/17 levels left

rFire   + . .      SeeInvis .   (no weapon)
rCold   + . .      Faith    .   (no shield)
rNeg    . . .      Spirit   .   a - +0 robe
rPois   .          Reflect  .   (helmet restricted)
rElec   .          Harm     .   j - scarf {rC+ rF+}
rCorr   .          Rampage  .   (no gloves)
Will    .....                   (boots unavailable)
Stlth   ++........              (no amulet)
HPRegen 0.15/turn               (no ring)
MPRegen 0.15/turn               (no ring)

@: flying quickly and evasively, invisible, quick
A: beak, talons 3, nimble flight
a: no special abilities


You were on level 5 of the Dungeon.
You visited 1 branch of the dungeon, and saw 5 of its levels.
You also visited: Ossuary.

You collected 472 gold pieces.

Inventory:

Armour
 a - a +0 robe (worn)
 j - a scarf of resistance (worn)
Scrolls
 c - a scroll of enchant armour {unknown}
 d - 2 scrolls of amnesia
 e - a scroll of brand weapon {unknown}
 f - 2 scrolls of vulnerability {unknown}
 g - 2 scrolls of teleportation {unknown}
 h - 2 scrolls of identify {unknown}
 l - a scroll of acquirement {unknown}
 n - a scroll of magic mapping {unknown}
Potions
 b - a potion of brilliance {unknown}
 i - a potion of invisibility
 k - a potion of curing {unknown}
 m - a potion of flight {unknown}


   Skills:
 + Level 2.5 Fighting
 - Level 3.0 Dodging
 - Level 3.0 Stealth
 * Level 5.1 Spellcasting
 + Level 4.8 Conjurations
 * Level 8.0 Air Magic


You had 7 spell levels left.
You knew the following spells:

 Your Spells              Type           Power      Damage    Failure   Level
a - Shock                 Conj/Air       100%       1d9       1%          1
b - Static Discharge      Conj/Air       26%        N/A       1%          2
c - Swiftness             Air            31%        N/A       1%          3
d - Airstrike             Air            15%        N/A       5%          4

Your spell library contained the following spells:

 Spells                   Type           Power      Damage    Failure   Level
 Slow                     Hex            16%        N/A       14%         1
 Blink                    Tloc           8%         N/A       22%         2
 Confusing Touch          Hex            4%         N/A       38%         3
 Lesser Beckoning         Tloc           4%         N/A       38%         3
 Ozocubu's Armour         Ice            4%         N/A       38%         3
 Vampiric Draining        Necr           4%         2d6       38%         3
 Manifold Assault         Tloc           4%         N/A       98%         5
 Ozocubu's Refrigeration  Ice            2%         4d5       100%        7


Dungeon Overview and Level Annotations

Branches:
Dungeon (5/15)            Ossuary (visited)
 Temple: D:4-7

Altars:

Annotations:
D:5 Dowan


Innate Abilities, Weirdness & Mutations

You have a beak for a mouth.
You have claws for feet.
Your magical nature lets you fly swiftly and evasively.


Message History

The water moccasin skeleton bites you. The water moccasin skeleton bites you!
There is an escape hatch in the ceiling here.
You aren't carrying any items that you can evoke.
Dowan breathes, "And she was my only..."
Dowan misses you.
Dowan hits you with a +0 dagger of flaming.
Dowan burns you.
There is a stone staircase leading up here.
Casting: Airstrike (dangerous; 5% risk of failure)
Confirm with . or Enter, or press ? or * to list all spells.
Dowan is struck by an arc of lightning.
Dowan is moderately wounded.
The lightning grounds out.
Dowan hits you with a +0 dagger of flaming.
Unknown command.
Unknown command.
Casting: Static Discharge (safe; 1% risk of failure)
Confirm with . or Enter, or press ? or * to list all spells.
Aiming: Shock (safe; 1% risk of failure)
Press: ? - help, Shift-Dir - straight line The zap hits Dowan.
Dowan is moderately wounded.
The zap misses Dowan.
Dowan hits you with a +0 dagger of flaming!
* * * LOW HITPOINT WARNING * * *
Dowan hits you with a +0 dagger of flaming.
* * * LOW HITPOINT WARNING * * *
Unknown command.
It was a potion of invisibility.
You fade into invisibility!
Dowan hits you with a +0 dagger of flaming.
* * * LOW HITPOINT WARNING * * *
Okay, then.
Dowan says, "Magic will overcome all!"
Dowan barely misses you. Dowan closely misses you. Dowan closely misses you.
Dowan points at you and mumbles some strange words.
The shard of ice hits you! You partially resist.
You die...

##.# #....#
##.######....#
).......#....#
##..###.#....#
###.#...#.####
#
#.....#.####...
##....#....(...
#....#.########
#.##.#.# #.@#
#.##.#.#####e##
#..#.....<..Z.#
##.###.#####..#
. ..... #..#
..##.### #..#
... .w. #### ..
#.# . #.#


You could see Dowan (fast) and a water moccasin skeleton.

Vanquished Creatures
  Pikel (D:4)
  Duvessa (D:5)
  An ice beast (D:5)
  3 lemures (D:4)
  A hound (D:5)
  An orc priest (D:3)
  A bullfrog skeleton (D:5)
  A centaur skeleton (D:4)
  An orc wizard (D:3)
  2 mummies (Ossuary)
  5 adders
  4 worms
  6 dart slugs
  8 orcs (D:3)
  9 bats
  6 endoplasms
  3 giant cockroaches
  6 goblins
  7 hobgoblins
  8 jackals
  7 kobolds
  5 quokkas
  6 ball pythons
  A frilled lizard (D:1)
  5 gnoll zombies (Ossuary)
  6 goblin zombies (Ossuary)
  A hobgoblin zombie (Ossuary)
  2 orc zombies (Ossuary)
  4 rats
112 creatures vanquished.

Notes
Turn   | Place    | Note
-------+----------+-------------------------------------------
     0 | D:1      | Zeld the Tengu Air Elementalist began the quest for the
                  | Orb.
     0 | D:1      | Reached XP level 1. HP: 10/10 MP: 4/4
   180 | D:1      | Reached XP level 2. HP: 15/15 MP: 4/6
   491 | D:1      | Reached XP level 3. HP: 12/19 MP: 0/7
   494 | D:1      | Learned a level 2 spell: Static Discharge
   498 | D:1      | Learned a level 3 spell: Swiftness
   599 | D:1      | Found a faded altar of an unknown god.
  1988 | D:2      | Reached XP level 4. HP: 21/24 MP: 5/9
  2552 | D:2      | Reached skill level 5 in Air Magic
  3456 | D:3      | Gained mutation: Your magical nature lets you fly swiftly
                  | and evasively. [Tengu growth]
  3456 | D:3      | Reached XP level 5. HP: 27/28 MP: 3/10
  3512 | D:3      | Learned a level 4 spell: Airstrike
  4773 | D:4      | Noticed Pikel
  4773 | D:4      | Noticed a lemure
  4773 | D:4      | Noticed a lemure
  4773 | D:4      | Noticed a lemure
  4773 | D:4      | Noticed a lemure
  6014 | D:4      | Killed a lemure
  6407 | D:4      | Reached XP level 6. HP: 28/32 MP: 2/12
  8701 | D:4      | Killed Pikel
  8702 | D:4      | Reached skill level 1 in Fighting
  8702 | D:4      | Reached skill level 7 in Air Magic
  8702 | D:4      | Reached XP level 7. HP: 36/39 MP: 0/14
  9338 | D:5      | Entered Level 5 of the Dungeon
  9501 | D:5      | Reached XP level 8. HP: 29/44 MP: 8/16
  9553 | D:5      | Noticed Duvessa
  9554 | D:5      | Noticed Dowan
  9575 | D:5      | HP: 2/44 [/static electricity (1)]
  9598 | D:5      | Found a sand-covered staircase.
  9603 | Ossuary  | Entered an ossuary
 10259 | Ossuary  | Reached skill level 5 in Spellcasting
 10749 | D:5      | Killed Duvessa
 10750 | D:5      | Reached skill level 8 in Air Magic
 10772 | D:5      | Killed from afar by Dowan

Illustrated notes

Levels and vault maps discovered:
D:1:      amcnicky_arrival_flooded_fountain, layout_rooms,
          ebering_ecumenical_altar_box
D:2:      layout_loops_ring, minmay_quantized
D:3:      layout_loops_corners
D:4:      layout_loops_corners, uniq_pikel
D:5:      layout_basic, enter_ossuary_1, uniq_duvessa

Skill      XL: |  1  2  3  4  5  6  7  8 |
---------------+-------------------------+-----
Conjurations   | 2 3 4 |  4.8
Air Magic      | 5 7 8 |  8.0
Spellcasting   | 3 4 5 |  5.1
Dodging        | 3 |  3.0
Stealth        | 3 |  3.0
Fighting       | 1 2 |  2.5

Action                   |  1- 3 |  4- 6 |  7- 9 || total
-------------------------+-------+-------+-------++-------
Melee: Unarmed           |     8 |    48 |     1 ||    57
       Kick              |     3 |    12 |       ||    15
       Peck              |     1 |     8 |     1 ||    10
       Punch             |     1 |     3 |       ||     4
 Cast: Shock             |    43 |    54 |     3 ||   100
       Static Discharge  |    17 |    50 |    43 ||   110
       Airstrike         |       |    23 |     7 ||    30
       Swiftness         |       |     1 |       ||     1
  Use: Scroll            |       |       |     1 ||     1
       Potion            |       |       |     1 ||     1
 Stab: Sleeping          |       |     2 |       ||     2
Armor: Robe              |     7 |    13 |     5 ||    25
Dodge: Dodged            |    21 |    80 |    38 ||   139
